 Dungeon Crawl Stone Soup version 0.26-a0-1213-gd52f5182fe (webtiles) character file.

Game seed: 5867704608157668799

36 sokol815 the Sneak (level 3, -3/21 HPs)
             Began as an Octopode Wanderer on Dec 30, 2020.
             Slain by a worker ant (4 damage)
             ... on level 4 of the Dungeon.
             The game lasted 00:03:52 (1943 turns).

sokol815 the Sneak (Octopode Wanderer)              Turns: 1943, Time: 00:03:53

Health: -3/21      AC:  1    Str:  9    XL:     3   Next: 37%
Magic:  2/4        EV: 12    Int: 17    God:
Gold:   87         SH:  0    Dex: 11    Spells: 3/4 levels left

rFire    . . .     SeeInvis .   a - +0 long sword
rCold    . . .     Faith    .   (no shield)
rNeg     . . .     Spirit   .   (helmet restricted)
rPois    .         Reflect  .   j - amulet of the acrobat
rElec    .         Harm     .   (no ring)
rCorr    .         Rampage  .   (no ring)
Will     .....                  (no ring)
Stlth    +++.......             (no ring)
HPRegen  0.07/turn              (no ring)
MPRegen  0.09/turn              (no ring)
                                (no ring)
                                (no ring)

@: lethally poisoned (-3 -> -16)
A: almost no armour, stealthy swim, amphibious, 8 rings, constrict 8, camouflage
1, gelatinous body 1
a: no special abilities


You were on level 4 of the Dungeon.
You visited 2 branches of the dungeon, and saw 4 of its levels.

You collected 87 gold pieces.

Inventory:

Hand Weapons
 a - a +0 long sword (weapon)
   (You found it on level 2 of the Dungeon)
 b - a +0 dagger
   (You took it off a goblin on level 2 of the Dungeon)
 e - a +0 antimagic spear
   (You found it on level 1 of the Dungeon)
 r - a +0 falchion
Missiles
 f - 18 sling bullets
 h - a stone
 n - a throwing net {=f, !d}
Jewellery
 j - an amulet of the acrobat (around mantle)
   (You found it on level 1 of the Dungeon)
Scrolls
 c - 3 scrolls of teleportation {unknown}
 d - a scroll of immolation {unknown}
 k - a scroll of remove curse {unknown}
 q - a scroll of fog {unknown}
Potions
 g - a potion of resistance {unknown}
 i - a potion of flight {unknown}
 l - a potion of lignification {unknown}
 m - a potion of haste {unknown}
 o - 2 potions of attraction {unknown}
 p - a potion of mutation {unknown}


   Skills:
 + Level 1.3 Long Blades
 - Level 1.0 Polearms
 - Level 1.0 Throwing
 - Level 1.0 Dodging
 * Level 4.4 Stealth
 - Level 1.0 Spellcasting
 + Level 1.2 Hexes
 - Level 3.0 Translocations


You had 3 spell levels left.
You knew the following spells:

 Your Spells              Type           Power        Failure   Level
v - Corona                Hex            5%           13%         1

Your spell library contained the following spells:

 Spells                   Type           Power        Failure   Level
 Apportation              Tloc           22%          6%          1
 Teleport Other           Tloc           11%          19%         3
 Ensorcelled Hibernation  Hex/Ice        4%           26%         2
 Confusing Touch          Hex            5%           36%         3
 Tukima's Dance           Hex            5%           36%         3
 Dazzling Flash           Conj/Hex       4%           45%         3


Dungeon Overview and Level Annotations

Branches:
Dungeon (4/15)             Temple (1/1) D:4

Altars:
Ashenzari
Cheibriados
Elyvilon
Hepliaklqana
Kikubaaqudgha
Makhleb
Nemelex Xobeh
Ru
Sif Muna
Vehumet
Wu Jian
Xom
Yredelemnul
Zin
The Shining One


Innate Abilities, Weirdness & Mutations

You cannot wear most types of armour.
You are very stealthy in the water. (Stealth+)
You are amphibious.
You can wear up to eight rings at the same time.
You can use your tentacles to constrict eight enemies at once.
Your skin changes colour to match your surroundings (Stealth+).
Your rubbery body absorbs attacks. (AC +1, EV +1)


Message History

You fall into a shaft and drop 2 floors!
The shaft crumbles and collapses.
A worm comes into view.
Health restored: 21 The helpless worm fails to defend itself.
You hit the worm. Your grab misses the worm. The worm bites you!
You take 8 damage, and have 13/21 hp.
MASSIVE DAMAGE!!
Aim: a worm (lightly wounded, chance to affect: 47%)
The worm is outlined in light.
The worm bites you.
You take 2 damage, and have 11/21 hp.
You now have 3/4 mp.
You hit the worm but do no damage. Your grab misses the worm.
You squeeze the worm, but do no damage. You hit the worm but do no damage.
You grab the worm. You constrict the worm. The worm bites you.
* * * LOW HITPOINT WARNING * * *
You take 6 damage, and have 5/21 hp.
MASSIVE DAMAGE!!
You completely miss the worm. You squeeze the worm, but do no damage.
You constrict the worm. The worm bites you but does no damage.
You hit the worm but do no damage. You constrict the worm. The worm bites you.
* * * LOW HITPOINT WARNING * * *
You take 3 damage, and have 3/21 hp.
You hit the worm. You squeeze the worm. You constrict the worm.
You kill the worm!
You start resting.
Health restored: 21; MP restored: 4 You open the door.
There is an open door here.
Found a staircase to the Ecumenical Temple.
A quokka comes into view.
A worker ant comes into view.
Found a stone staircase leading down.
There is a staircase to the Ecumenical Temple here.
You climb downwards.
Welcome to the Ecumenical Temple!
Found two altars.
There is a staircase back to the Dungeon here.
Found a glowing golden altar of the Shining One.
There is a glowing golden altar of the Shining One here.
Found a shimmering altar of Xom and a broken altar of Ashenzari.
Found a shimmering blue altar of Sif Muna.
There is a shimmering altar of Xom here.
Found a glowing silver altar of Zin.
Found a basalt altar of Yredelemnul.
There is an ornate altar of the Wu Jian Council here.
Found a burning altar of Makhleb.
There is a burning altar of Makhleb here.
There is an ancient bone altar of Kikubaaqudgha here.
Partly explored, can't reach some places.
Options error: Bad channel -- rotten_meat (HDAMessageColors.rc:46) Welcome back, sokol815 the Octopode Wanderer.
(D) Dungeon (T) Temple
Where to? (? - help)
There is a staircase back to the Dungeon here.
You climb upwards.
Welcome back to the Dungeon!
There is a staircase to the Ecumenical Temple here.
A worker ant is nearby!
Aim: a worker ant (asleep, chance to affect: 48%)
The worker ant resists with significant effort.
You now have 3/4 mp.
Aim: a worker ant (chance to affect: 48%)
The worker ant is outlined in light.
You now have 2/4 mp.
You hit the worker ant but do no damage.
Your grab misses the worker ant. The worker ant closely misses you.
You barely miss the worker ant. Your grab misses the worker ant.
The worker ant misses you. The worker ant bites you!
You are poisoned.
The worker ant poisons you!
You take 7 damage, and have 14/21 hp.
MASSIVE DAMAGE!!
You hit the worker ant but do no damage.
You grab the worker ant. You constrict the worker ant.
You feel sick.
The worker ant bites you but does no damage.
The worker ant bites you!
* * * LOW HITPOINT WARNING * * *
You are more poisoned.
The worker ant poisons you!
You take 8 damage, and have 6/21 hp.
MASSIVE DAMAGE!!
Unknown command.
You hit the worker ant.
You squeeze the worker ant, but do no damage.
You constrict the worker ant, but do no damage.
* * * LOW HITPOINT WARNING * * *
You feel sick. The worker ant closely misses you.
You take 2 damage, and have 4/21 hp.
Unknown command.
You hit the worker ant but do no damage.
You constrict the worker ant, but do no damage.
* * * LOW HITPOINT WARNING * * *
You feel sick.
The worker ant stops glowing.
The worker ant closely misses you.
The worker ant bites you but does no damage.
You take 1 damage, and have 3/21 hp.
Unknown command.
You completely miss the worker ant.
You constrict the worker ant, but do no damage.
* * * LOW HITPOINT WARNING * * *
You feel sick. The worker ant bites you.
You die...

###.#####..........
#.# #######+#.. #.#
## #.## .. #..##
.#### #P.P# ......
##.###......
##P#...#P......
#....>.@B......
#.P#...#P#+##..
>....##.##... .###
#P.P .#.# .....
...r+ #.#.##### ##
#.#. # #.


You could see a worker ant and a quokka (asleep).

Vanquished Creatures
  An ooze (D:1)
  A worm (D:4)
  A dart slug (D:1)
  A ball python (D:2)
  2 bats (D:2)
  A giant cockroach (D:1)
  3 hobgoblins
  3 jackals (D:1)
  A quokka (D:2)
  A frilled lizard (D:2)
  3 goblins
  3 kobolds
  5 rats
26 creatures vanquished.

Notes
Turn   | Place    | Note
-------+----------+-------------------------------------------
     0 | D:1      | sokol815 the Octopode Wanderer began the quest for the Orb.
     0 | D:1      | sokol815 set off with the following items: a +0 falchion, a
                  | +0 dagger; and the following spells available to memorise:
                  | Apportation, Corona, Ensorcelled Hibernation, Teleport
                  | Other, Confusing Touch, Tukima's Dance, Dazzling Flash
     0 | D:1      | Reached XP level 1. HP: 11/11 MP: 2/2
    57 | D:1      | Reached skill level 3 in Stealth
   282 | D:1      | Reached XP level 2. HP: 10/17 MP: 3/3
   581 | D:1      | Reached skill level 1 in Long Blades
   583 | D:1      | Learned a level 1 spell: Corona
   603 | D:1      | Reached skill level 4 in Stealth
   859 | D:2      | Found a sparkling altar of Nemelex Xobeh.
   860 | D:2      | Found a snail-covered altar of Cheibriados.
   860 | D:2      | Found a hazy altar of Hepliaklqana.
   860 | D:2      | Found a radiant altar of Vehumet.
   867 | D:2      | Found a sacrificial altar of Ru.
   871 | D:2      | Reached XP level 3. HP: 17/21 MP: 4/4
  1188 | D:2      | Found a white marble altar of Elyvilon.
  1288 | D:2      | You fall into a shaft and drop 2 floors!
  1293 | D:4      | HP: 5/21 [worm (6)]
  1559 | D:4      | Found a staircase to the Ecumenical Temple.
  1568 | Temple   | Entered the Ecumenical Temple
  1941 | D:4      | HP: 4/21 [poisoned by a worker ant]
  1943 | D:4      | HP: 1/21 [poisoned by a worker ant]
  1943 | D:4      | Slain by a worker ant

Illustrated notes

Levels and vault maps discovered:
D:1:      lightli_arrival_statuegarden, layout_rooms
D:2:      layout_loops_cross, elyvilon_altar_5, grunt_temple_overflow_open
D:4:      layout_basic, minmay_temple_entry_gardened_gates,
          nemelex_dance_club_becter
Temple:   compressed_dpeg_triangle_lava_temple

Skill      XL: |  1  2 |
---------------+-------+-----
Stealth        | 3 4 |  4.4
Long Blades    | 1 |  1.3
Polearms       | |  1.0
Throwing       | |  1.0
Dodging        | |  1.0
Spellcasting   | |  1.0
Hexes          | |  1.2
Translocations | |  3.0

Action                   || total
-------------------------++-------
Melee: Falchion          ||    37
       Constrict         ||    13
       Tentacles         ||    13
       Long sword        ||    17
 Cast: Corona            ||     4
 Stab: Sleeping          ||     6
Armor: Skin              ||     8
Dodge: Dodged            ||    43
       Rpst.: Falchion   ||    11
       Long sword        ||     1

Table legend: (Time is in decaauts)
 A = Elapsed time spent in this place.
 B = Non-inter-level travel time spent in this place.
 C = Inter-level travel time spent in this place.
 D = Time resting spent in this place.
 E = Time spent auto-exploring this place.
 F = Levels seen in this place.
 G = Mean time per level.
                   A        B        C        D        E       F      G
               +--------+--------+--------+--------+--------+-----+--------+
         Total |   1957 |   1921 |     36 |    407 |   1262 |   4 |  489.2 |
       Dungeon |   1592 |   1563 |     29 |    407 |    905 |   3 |  530.7 |
        Temple |    364 |    357 |      7 |      0 |    357 |   1 |  364.0 |
               +--------+--------+--------+--------+--------+-----+--------+

Top non-repeatable levels by time:
     D:1: 866 daAuts
     D:2: 432 daAuts
  Temple: 364 daAuts
     D:4: 294 daAuts

Table legend:
 A = Kills in this place as a percentage of kills in entire the game.
 B = Kills by you in this place as a percentage of kills by you in the entire game.
 C = Kills by friends in this place as a percentage of kills by friends in the entire game.
 D = Other kills in this place as a percentage of other kills in the entire game.
 E = Experience gained in this place as a percentage of experience gained in the entire game.
 F = Experience gained in this place divided by the number of levels of this place that you have seen.
                   A       B       C       D       E      F
               +-------+-------+-------+-------+-------+----------------------
         Total | 100.0 | 100.0 |   N/A |   N/A | 100.0 |  13.0
       Dungeon | 100.0 | 100.0 |   N/A |   N/A | 100.0 |  17.3
               +-------+-------+-------+-------+-------+----------------------
